 Dungeon Crawl Stone Soup version 0.30-a0-292-g0f741e3f8e (webtiles) character file.

Game seed: 5461403349122577189

22492 ytrimaz the Blocker (level 13, 0/156 HPs)
             Began as a Gnoll Fighter on Oct 17, 2022.
             Was an Initiate of Gozag.
             Slain by a dire elephant (22 damage)
             ... in a Gauntlet.
             The game lasted 00:18:41 (14913 turns).

ytrimaz the Blocker (Gnoll Fighter)                Turns: 14913, Time: 00:18:42

Health: 0/156      AC: 26    Str: 25    XL:     13   Next: 0%
Magic:  25/25      EV:  2    Int:  7    God:    Gozag
Gold:   1337       SH: 11    Dex: 12    Spells: 28/28 levels left

rFire   + + .      SeeInvis +    O - +4 hand axe of Womp {elec, rF+ Str+4}
rCold   + + .      Faith    .    c - +0 buckler
rNeg    . . .      Spirit   .    (body armour currently unavailable)
rPois   +          Reflect  +    (helmet currently unavailable)
rElec   +          Harm     .    (cloak currently unavailable)
rCorr   +          Rampage  .    (gloves currently unavailable)
Will    ++...      NoTele   +    (boots currently unavailable)
Stlth   +++.......               x - amulet of reflection
HPRegen 0.46/turn                h - ring "Buimoar" {rC+ Will++ Stlth-}
MPRegen 0.19/turn                e - ring of see invisible

@: mighty, tree-form, resistant, gold aura
A: stationary, stasis, torment immunity, boosted hp, (fangs 1), strong nose,
distributed training
a: End Transformation, Renounce Religion, Potion Petition, Call Merchant, Bribe
Branch


You were in a Gauntlet.
You worshipped Gozag.
Gozag was most pleased with you.
You were a tree.
You visited 2 branches of the dungeon, and saw 14 of its levels.
You also visited: Ossuary, Bailey and Gauntlet.

You collected 2926 gold pieces.
You paid 1589 gold pieces to Gozag.


Innate Abilities, Weirdness & Mutations

You are a tree.
Your roots penetrate the ground, keeping you stationary.
You cannot be teleported.
You are immune to unholy pain and torment.
Your maximum health is greatly increased.
Your equipment is partially melded.
((You have very sharp teeth.))
Your uncanny sense of smell can sniff out nearby items.
Your experience applies equally to all skills.


   Skills:
 + Level 10.4 Fighting
 + Level 8.1 Short Blades
 + Level 8.1 Long Blades
 + Level 9.4 Axes
 + Level 8.1 Maces & Flails
 + Level 8.1 Polearms
 + Level 8.1 Staves
 + Level 8.1 Ranged Weapons
 + Level 8.1 Throwing
 + Level 10.4 Armour
 + Level 8.1 Dodging
 + Level 8.1 Stealth
 + Level 10.4 Shields
 + Level 8.1 Unarmed Combat
 + Level 8.1 Spellcasting
 + Level 6.7 Conjurations
 + Level 6.7 Hexes
 + Level 6.7 Summonings
 + Level 6.7 Necromancy
 + Level 6.7 Translocations
 + Level 6.7 Transmutations
 + Level 6.7 Fire Magic
 + Level 6.7 Ice Magic
 + Level 6.7 Air Magic
 + Level 6.7 Earth Magic
 + Level 6.7 Poison Magic
 + Level 8.9 Invocations
 + Level 8.1 Evocations


You had 28 spell levels left.
You didn't know any spells.
Your spell library contained the following spells:

 Spells                   Type           Power      Damage    Failure   Level
 Blink                    Tloc           24%        N/A       2%          2
 Momentum Strike          Conj/Tloc      24%        3d8       2%          2
 Static Discharge         Conj/Air       24%        2-3/arc   2%          2
 Dazzling Flash           Conj/Hex       24%        N/A       4%          3
 Gell's Gravitas          Tloc           12%        N/A       4%          3
 Ignite Poison            Fire/Tmut/Pois 12%        N/A       4%          3
 Kindle Blastsparks       Fire/Tloc/Air  24%        2d12      4%          3
 Lesser Beckoning         Tloc           24%        N/A       4%          3
 Teleport Other           Tloc           12%        N/A       4%          3
 Vhi's Electric Charge    Tloc/Air       24%        N/A       4%          3
 Sticky Flame             Conj/Fire      12%        2d4       16%         4
 Agony                    Necr           12%        N/A       38%         5
 Arcjolt                  Conj/Air       6%         1d16      38%         5
 Freezing Cloud           Conj/Ice/Air   6%         6-21      38%         5
 Lightning Bolt           Conj/Air       6%         1d18      38%         5
 Silence                  Hex/Air        6%         N/A       38%         5
 Summon Forest            Summ/Tloc      6%         N/A       38%         5
 Summon Mana Viper        Hex/Summ       12%        N/A       38%         5
 Summon Cactus Giant      Summ           6%         N/A       93%         6
 Ignition                 Fire           6%         3d4       100%        8

Inventory:

Hand Weapons
 a - a +0 war axe
 g - a +1 spectral hand axe
   (You found it on level 1 of the Dungeon)
 F - a +1 war axe of pain
   (You took it off Maggie on level 7 of the Dungeon)
 O - the +4 hand axe of Womp (weapon) {elec, rF+ Str+4}
   (You took it off a kobold in a bailey)

   It occasionally discharges a powerful burst of electricity upon striking a
   foe.
   Str:       It affects your strength (+4).
   rF:        It protects you from fire.
Missiles
 z - 5 javelins
 B - 11 boomerangs (quivered)
 H - 2 throwing nets
Armour
 c - a +0 buckler (worn)
 o - a +3 ring mail of willpower
   (You took it off a hobgoblin on level 3 of the Dungeon)
 s - a +0 pair of gloves (melded)
   (You found it on level 4 of the Dungeon)
 G - +0 swamp dragon scales (melded)
   (You took it off Maggie on level 7 of the Dungeon)
 Q - a +0 pair of boots of flying (melded)
   (You found it in a bailey)
 S - a +1 helmet of intelligence
   (You found it in a Gauntlet)
Jewellery
 e - a ring of see invisible (right branch)
   (You found it on level 2 of the Dungeon)
 h - the ring "Buimoar" (left branch) {rC+ Will++ Stlth-}
   (You found it on level 4 of the Dungeon)

   [ring of protection from cold]

   rC:        It protects you from cold.
   Will:      It greatly increases your willpower.
   Stlth:     It makes you less stealthy.
 m - an amulet of guardian spirit
   (You found it on level 1 of the Dungeon)
 n - a ring of poison resistance
   (You found it on level 2 of the Dungeon)
 x - an amulet of reflection (around neck)
   (You found it on level 5 of the Dungeon)
 C - an amulet of the acrobat
   (You found it on level 6 of the Dungeon)
 J - a ring of ice
   (You found it on level 10 of the Dungeon)
Wands
 E - a wand of mindburst (16)
   (You took it off Maggie on level 7 of the Dungeon)
 I - a wand of digging (3)
   (You took it off Psyche on level 8 of the Dungeon)
 L - a wand of polymorph (6)
   (You took it off Joseph on level 8 of the Dungeon)
 R - a wand of light (2)
   (You found it on level 12 of the Dungeon)
Scrolls
 d - 3 scrolls of fear
 q - 2 scrolls of noise
 r - 9 scrolls of teleportation
 w - 3 scrolls of magic mapping
 y - 4 scrolls of enchant armour
 A - 2 scrolls of amnesia
 D - a scroll of enchant weapon
 K - a scroll of vulnerability
 P - a scroll of poison
Potions
 b - a potion of brilliance
 f - 3 potions of curing
 i - 4 potions of flight
 j - 2 potions of attraction
 k - 3 potions of lignification
 l - 2 potions of cancellation
 p - 2 potions of haste
 t - 2 potions of resistance
 u - 3 potions of might
 v - 3 potions of mutation
 M - a potion of magic
 N - a potion of ambrosia {unknown}

Dungeon Overview and Level Annotations

Branches:
Dungeon (13/15) Zot: 26893  Temple (1/1) D:4 Zot: 5767    Lair (0/5) D:10
    Orc (0/2) D:9          Vaults (0/5) D:13        Ossuary (visited)
 Bailey (visited)         Gauntlet (1/1) Zot: 5592

Altars:
Ashenzari
Cheibriados
Dithmenos
Elyvilon
Fedhas
Gozag
Hepliaklqana
Kikubaaqudgha
Makhleb
Nemelex Xobeh
Okawaru
Qazlal
Ru
Sif Muna
Trog
Uskayaw
Vehumet
Wu Jian
Xom
Yredelemnul
Zin
The Shining One
Lugonu

Shops:
D:6 =   D:13 ?

Annotations:
D:9 3 runed translucent doors, byup's ghost, novice DjFE
D:10 2 transporters Gauntlet 3 runed translucent doors, 7 transporters

# ### ### ### ### ###
###≈###≈###≈###≈###≈##
≈#≈≈≈#≈≈≈#≈≈≈#≈≈≈#≈≈≈#
...................≈##
######...#########.##
.....#.⌠.#..^.^..#.≈##
..#..#...#.⌠.#.#Y#.≈≈# .#
.###.#####.....Y♣#.≈## ..#
#©#.©#©.©#.8.©.#Y#.## .⌠.##
##...#.⌠.#......[#..##.....
#..."#...#.8.#.#.#...#.⌠.#
.....#.⌠.#..^.^..#.∩.#...#
######...#########...#.©.##
$
.....#.⌠.....#.....⌠.#......
######...#########...#.©.##.
..?p5#.⌠.#.......#.∩.#...#


You could see a dire elephant and 2 elephants.


Message History

😮 HP[-1]
You take 1 damage, and now have 56/98 hp.
You feel very mighty all of a sudden. The elephant closely misses you.
The elephant trunk-slaps you but does no damage. 😮 HP[+1] Unknown command.
You hit the dire elephant. You slash the elephant!
You completely miss the elephant. You block the elephant's attack. x2
The elephant closely misses you. You block the elephant's attack.
Unknown command.
You slash the dire elephant! You hit the elephant.
Lightning courses through the elephant!!
You hit the elephant.
Unknown command.
You hit the dire elephant but do no damage.
You barely miss the elephant. You hit the elephant but do no damage.
The elephant tramples you.
You hold your ground!
You block the elephant's attack. 😮 HP[-3]
You take 3 damage, and now have 54/98 hp.
You hit the elephant. You hit the dire elephant. You hit the elephant.
You block the elephant's attack. x2; The elephant tramples you.
* * * LOW HITPOINT WARNING * * *
You hold your ground!
The elephant barely misses you. 😨 HP[-6]
You take 6 damage, and now have 48/98 hp.
Unknown command.
You slash the elephant! You hit the dire elephant. You hit the elephant.
Lightning courses through the elephant!!
You block the elephant's attack. The elephant barely misses you.
You block the dire elephant's attack.
The dire elephant trunk-slaps you but does no damage.
The elephant misses you. The elephant barely misses you.
You hit the elephant.
You kill the elephant!
You slash the dire elephant! You slash the elephant!
Lightning courses through the elephant! The elephant closely misses you.
You block the elephant's attack. You block the dire elephant's attack.
The dire elephant barely misses you.
You have reached level 13! 😨 HP[+4] MP[+1]
You now have 104 max hp (+6).
You regained 4 hp, and now have 52/104 hp.
Your mp is fully restored (25).
You slash the dire elephant! You bite the dire elephant!
You barely miss the elephant. You hit the elephant.
The elephant tramples you but does no damage.
You block the elephant's attack.
You block the dire elephant's attack. x2
The elephant closely misses you.
The elephant trunk-slaps you but does no damage.
You hit the dire elephant. You hit the elephant. x2
The elephant barely misses you. The elephant closely misses you.
You block the elephant's attack.
The elephant trunk-slaps you but does no damage.
The dire elephant tramples you!!
* * * LOW HITPOINT WARNING * * *
You hold your ground!
The dire elephant trunk-slaps you.
* * * LOW HITPOINT WARNING * * *
😱 HP[-29]
You take 29 damage, and now have 23/104 hp.
MASSIVE DAMAGE!! (PAUSE)
You hit the dire elephant. You hit the elephant but do no damage.
You hit the elephant.
Lightning courses through the elephant!!
The elephant barely misses you. You block the elephant's attack.
You block the dire elephant's attack. The dire elephant barely misses you.
The elephant closely misses you.
You block the elephant's attack. 😱 HP[+1]
You slash the dire elephant! You slash the elephant! x2
Unknown command.
You barely miss the dire elephant.
You bite the dire elephant, but do no damage.
You hit the elephant. x2; The elephant barely misses you.
The elephant trunk-slaps you but does no damage.
You block the elephant's attack. x2; The dire elephant tramples you!
* * * LOW HITPOINT WARNING * * *
You hold your ground!
The dire elephant trunk-slaps you but does no damage. 😱 HP[-10]
You take 10 damage, and now have 14/104 hp.
Unknown command.
Okay, then. [a] - 391 gold - lignification, might and resistance [b] - 400 gold - resistance and haste [c] - 528 gold - resistance, invisibility and might Purchase which effect?
You turn into a tree.
Your +0 pair of gloves melds into your body.
Your +0 pair of boots of flying melds into your body.
Your +0 swamp dragon scales melds into your body.
You float gracefully downwards.
Your roots penetrate the ground.
You feel mightier all of a sudden.
You feel protected.
The elephant tramples you but does no damage.
You block the elephant's attack.
The elephant tramples you but does no damage.
The elephant trunk-slaps you but does no damage.
The dire elephant tramples you!!
You die...
Your body crumbles into a pile of gold.

Skill      XL: |  1  2  3  4  5  6  7  8  9 10 11 12 |
---------------+-------------------------------------+-----
Invocations    | 1 2 3 4 5 6 7 8 |  8.9
Short Blades   | 1 2 3 5 6 7 8 |  8.1
Long Blades    | 1 2 3 5 6 7 8 |  8.1
Maces & Flails | 1 2 3 5 6 7 8 |  8.1
Polearms       | 1 2 3 5 6 7 8 |  8.1
Staves         | 1 2 3 5 6 7 8 |  8.1
Ranged Weapons | 1 2 3 5 6 7 8 |  8.1
Throwing       | 1 2 3 5 6 7 8 |  8.1
Dodging        | 1 2 3 5 6 7 8 |  8.1
Stealth        | 1 2 3 5 6 7 8 |  8.1
Unarmed Combat | 1 2 3 5 6 7 8 |  8.1
Spellcasting   | 1 2 3 5 6 7 8 |  8.1
Evocations     | 1 2 3 5 6 7 8 |  8.1
Conjurations   | 1 2 3 4 5 6 |  6.7
Hexes          | 1 2 3 4 5 6 |  6.7
Summonings     | 1 2 3 4 5 6 |  6.7
Necromancy     | 1 2 3 4 5 6 |  6.7
Translocations | 1 2 3 4 5 6 |  6.7
Transmutations | 1 2 3 4 5 6 |  6.7
Fire Magic     | 1 2 3 4 5 6 |  6.7
Ice Magic      | 1 2 3 4 5 6 |  6.7
Air Magic      | 1 2 3 4 5 6 |  6.7
Earth Magic    | 1 2 3 4 5 6 |  6.7
Poison Magic   | 1 2 3 4 5 6 |  6.7
Axes           | 5 6 7 8 9 |  9.4
Fighting       | 7 8 9 10 | 10.4
Armour         | 7 8 9 10 | 10.4
Shields        | 7 8 9 10 | 10.4

Action                   |  1- 3 |  4- 6 |  7- 9 | 10-12 | 13-15 || total
-------------------------+-------+-------+-------+-------+-------++-------
Melee: Hand axe          |   113 |   177 |   283 |   571 |     5 ||  1149
       War axe           |    12 |       |       |       |       ||    12
       Bite              |    13 |    13 |    46 |    79 |     2 ||   153
Throw: Javelin           |       |       |     2 |     4 |       ||     6
       Boomerang         |       |       |       |   143 |       ||   143
Invok: Potion Petition   |       |       |       |     3 |     1 ||     4
  Use: Scroll            |     4 |     4 |    11 |    11 |       ||    30
       Potion            |       |     3 |     1 |    10 |       ||    14
 Stab: Distracted        |       |       |     1 |     3 |       ||     4
       Invisible         |       |       |       |     8 |       ||     8
       Sleeping          |       |       |       |     1 |       ||     1
Armor: Scale mail        |    52 |    20 |       |       |       ||    72
       Skin              |       |     3 |       |     9 |     3 ||    15
       Ring mail         |       |    71 |    84 |       |       ||   155
       Swamp dragon scal |       |       |     9 |   158 |     5 ||   172
Dodge: Dodged            |    46 |    97 |    94 |   284 |     7 ||   528
Block: Buckler           |    38 |    50 |   109 |   380 |    10 ||   587
       Reflection        |       |       |     6 |    10 |       ||    16

Levels and vault maps discovered:
D:1:      scummos_arrival_simple_crosswalls, layout_rooms, hex_large,
          st_stairs_8, patterned_corridor
D:2:      layout_loops_ring, basic_altar, roderic_lattice_a,
          minmay_split_cup_small, uniq_sigmund
D:3:      layout_loops_ring
D:4:      layout_basic, fedhas_altar_1, temple_doors_cd,
          nicolae_ossuary_entry_plus, st_stairs_2
D:5:      layout_loops_ring, uniq_prince_ribbit1, uniq_edmund
D:6:      layout_rooms, serial_shops, shop, serial_co_window_serial,
          co_window_of_opportunity_a, co_window_corner_a, co_window_paths_b,
          co_window_paths_b, co_window_of_opportunity_a,
          co_window_of_opportunity_a, co_window_of_opportunity_a,
          co_window_paths_a, co_window_paths_b, co_window_corner_b,
          co_window_paths_c, co_window_of_opportunity_b, co_window_broadway_c,
          co_window_broadway_a, co_window_corner_b, co_window_of_opportunity_b,
          co_window_4corner_b, glass_columns_b, glass_columns_b,
          glass_columns_a, glass_columns_b, uniq_blork_the_orc
D:7:      layout_rooms, lemuel_blue_sif_altar, grunt_ogre_cave, uniq_maggie
D:8:      layout_loops_ring, kennysheep_cross_bottleneck,
          minmay_fire_ice_demons, uniq_psyche, uniq_joseph
D:9:      layout_roguey, david_orc_2, gammafunk_ghost_nasty_kobolds,
          uniq_amaemon, uniq_grum
D:10:     gammafunk_corrupted_shrine, layout_gridville, minmay_lair_entry_grove,
          enter_bailey_4, serial_ice, serial_ice_k, serial_ice_a, serial_ice_f,
          serial_ice_b, serial_ice_c, serial_ice_e, serial_ice_d
D:11:     layout_stronghold
D:12:     layout_cave_pods
D:13:     layout_big_octagon, david_vaults_1, gauntlet_entry_generic,
          serial_shops, nicolae_shop_trees, uniq_azrael
Temple:   nicolae_temple_slightly_damp_pantheon
Gauntlet: minmay_gauntlet_77_indecision [minmay_gauntlet_arena_77_shame_cube,
          minmay_gauntlet_arena_77_squiggly, minmay_gauntlet_arena_77_path,
          minmay_gauntlet_arena_77_double_cross,
          minmay_gauntlet_arena_77_hold_the_fort,
          minmay_gauntlet_arena_77_museum, gauntlet_exit_hidden_loot]

Notes
Turn   | Place    | Note
-------+----------+-------------------------------------------
     0 | D:1      | ytrimaz the Gnoll Fighter began the quest for the Orb.
     0 | D:1      | Reached XP level 1. HP: 23/23 MP: 1/1
     0 | D:1      | magus.rc [v1.9.6]
   228 | D:1      | Reached XP level 2. HP: 29/29 MP: 2/2
   655 | D:2      | Reached XP level 3. HP: 35/35 MP: 3/3
   668 | D:2      | Reached skill level 1 in Invocations
   754 | D:2      | Reached skill level 1 in Short Blades
   754 | D:2      | Reached skill level 1 in Long Blades
   754 | D:2      | Reached skill level 1 in Maces & Flails
   754 | D:2      | Reached skill level 1 in Polearms
   754 | D:2      | Reached skill level 1 in Staves
   754 | D:2      | Reached skill level 1 in Ranged Weapons
   754 | D:2      | Reached skill level 1 in Throwing
   754 | D:2      | Reached skill level 1 in Dodging
   754 | D:2      | Reached skill level 1 in Stealth
   754 | D:2      | Reached skill level 1 in Unarmed Combat
   754 | D:2      | Reached skill level 1 in Spellcasting
   754 | D:2      | Reached skill level 1 in Evocations
   816 | D:2      | Found a shimmering altar of Xom.
   961 | D:2      | Reached XP level 4. HP: 41/41 MP: 5/5
  1179 | D:2      | Noticed Sigmund
  1183 | D:2      | Reached skill level 1 in Conjurations
  1183 | D:2      | Reached skill level 1 in Hexes
  1183 | D:2      | Reached skill level 1 in Summonings
  1183 | D:2      | Reached skill level 1 in Necromancy
  1183 | D:2      | Reached skill level 1 in Translocations
  1183 | D:2      | Reached skill level 1 in Transmutations
  1183 | D:2      | Reached skill level 1 in Fire Magic
  1183 | D:2      | Reached skill level 1 in Ice Magic
  1183 | D:2      | Reached skill level 1 in Air Magic
  1183 | D:2      | Reached skill level 1 in Earth Magic
  1183 | D:2      | Reached skill level 1 in Poison Magic
  1202 | D:2      | Killed Sigmund
  1203 | D:2      | Reached skill level 2 in Invocations
  1203 | D:2      | Reached XP level 5. HP: 19/47 MP: 2/7
  1203 | D:2      | Reached XP level 6. HP: 22/53 MP: 2/8
  1545 | D:2      | Reached skill level 5 in Axes
  1829 | D:3      | Reached skill level 2 in Short Blades
  1829 | D:3      | Reached skill level 2 in Long Blades
  1829 | D:3      | Reached skill level 2 in Maces & Flails
  1829 | D:3      | Reached skill level 2 in Polearms
  1829 | D:3      | Reached skill level 2 in Staves
  1829 | D:3      | Reached skill level 2 in Ranged Weapons
  1829 | D:3      | Reached skill level 2 in Throwing
  1829 | D:3      | Reached skill level 2 in Dodging
  1829 | D:3      | Reached skill level 2 in Stealth
  1829 | D:3      | Reached skill level 2 in Unarmed Combat
  1829 | D:3      | Reached skill level 2 in Spellcasting
  1829 | D:3      | Reached skill level 2 in Evocations
  2205 | D:3      | You pick up a book of Displacement and begin reading...
  2205 | D:3      | You add the spells Lesser Beckoning, Gell's Gravitas and
                  | Teleport Other to your library.
  2403 | D:4      | Identified the ring "Buimoar" {rC+ Will++ Stlth-}
  2418 | D:4      | Found a sand-covered staircase.
  2424 | Ossuary  | Entered an ossuary
  2440 | Ossuary  | HP: 12/53 [mummy (8)]
  2606 | Ossuary  | Reached skill level 7 in Fighting
  2606 | Ossuary  | Reached skill level 7 in Armour
  2606 | Ossuary  | Reached skill level 7 in Shields
  2606 | Ossuary  | Reached XP level 7. HP: 45/60 MP: 4/10
  2629 | Ossuary  | Reached skill level 2 in Conjurations
  2629 | Ossuary  | Reached skill level 2 in Hexes
  2629 | Ossuary  | Reached skill level 2 in Summonings
  2629 | Ossuary  | Reached skill level 2 in Necromancy
  2629 | Ossuary  | Reached skill level 2 in Translocations
  2629 | Ossuary  | Reached skill level 2 in Transmutations
  2629 | Ossuary  | Reached skill level 2 in Fire Magic
  2629 | Ossuary  | Reached skill level 2 in Ice Magic
  2629 | Ossuary  | Reached skill level 2 in Air Magic
  2629 | Ossuary  | Reached skill level 2 in Earth Magic
  2629 | Ossuary  | Reached skill level 2 in Poison Magic
  3131 | D:4      | Found a staircase to the Ecumenical Temple.
  3205 | Temple   | Entered the Ecumenical Temple
  3418 | Temple   | Became a worshipper of Gozag Ym Sagoz the Greedy
  3629 | D:4      | Found a blossoming altar of Fedhas.
  3727 | D:4      | Reached skill level 3 in Invocations
  4202 | D:5      | Entered Level 5 of the Dungeon
  4303 | D:5      | Noticed Edmund
  4326 | D:5      | Killed Edmund
  4327 | D:5      | Reached skill level 3 in Short Blades
  4327 | D:5      | Reached skill level 3 in Long Blades
  4327 | D:5      | Reached skill level 3 in Maces & Flails
  4327 | D:5      | Reached skill level 3 in Polearms
  4327 | D:5      | Reached skill level 3 in Staves
  4327 | D:5      | Reached skill level 3 in Ranged Weapons
  4327 | D:5      | Reached skill level 3 in Throwing
  4327 | D:5      | Reached skill level 3 in Dodging
  4327 | D:5      | Reached skill level 3 in Stealth
  4327 | D:5      | Reached skill level 3 in Unarmed Combat
  4327 | D:5      | Reached skill level 3 in Spellcasting
  4327 | D:5      | Reached skill level 3 in Evocations
  4327 | D:5      | Reached XP level 8. HP: 51/67 MP: 9/12
  4510 | D:5      | Noticed Prince Ribbit
  4525 | D:5      | Killed Prince Ribbit
  4719 | D:5      | Reached skill level 3 in Conjurations
  4719 | D:5      | Reached skill level 3 in Hexes
  4719 | D:5      | Reached skill level 3 in Summonings
  4719 | D:5      | Reached skill level 3 in Necromancy
  4719 | D:5      | Reached skill level 3 in Translocations
  4719 | D:5      | Reached skill level 3 in Transmutations
  4719 | D:5      | Reached skill level 3 in Fire Magic
  4719 | D:5      | Reached skill level 3 in Ice Magic
  4719 | D:5      | Reached skill level 3 in Air Magic
  4719 | D:5      | Reached skill level 3 in Earth Magic
  4719 | D:5      | Reached skill level 3 in Poison Magic
  4719 | D:5      | Reached skill level 4 in Invocations
  4905 | D:5      | You add the spells Ignite Poison, Sticky Flame and Ignition
                  | to your library.
  4923 | D:5      | Reached skill level 6 in Axes
  5477 | D:6      | Reached XP level 9. HP: 73/73 MP: 14/14
  5525 | D:6      | You pick up a book of the Senses and begin reading...
  5525 | D:6      | You add the spells Dazzling Flash, Agony and Silence to
                  | your library.
  5664 | D:6      | Reached skill level 4 in Short Blades
  5664 | D:6      | Reached skill level 4 in Long Blades
  5664 | D:6      | Reached skill level 4 in Maces & Flails
  5664 | D:6      | Reached skill level 4 in Polearms
  5664 | D:6      | Reached skill level 4 in Staves
  5664 | D:6      | Reached skill level 4 in Ranged Weapons
  5664 | D:6      | Reached skill level 4 in Throwing
  5664 | D:6      | Reached skill level 4 in Dodging
  5664 | D:6      | Reached skill level 4 in Stealth
  5664 | D:6      | Reached skill level 4 in Unarmed Combat
  5664 | D:6      | Reached skill level 4 in Spellcasting
  5664 | D:6      | Reached skill level 4 in Evocations
  5671 | D:6      | Noticed Blork the orc
  5680 | D:6      | Killed Blork the orc
  6046 | D:6      | You add the spells Kindle Blastsparks and Freezing Cloud to
                  | your library.
  6520 | D:6      | Found Sewnae's Jewellery Shoppe.
  6556 | D:6      | HP: 17/74 [orc warrior/+0 halberd (12)]
  6795 | D:6      | You pick up a book of Spatial Translocations and begin
                  | reading...
  6795 | D:6      | You add the spells Blink and Momentum Strike to your
                  | library.
  6986 | D:7      | Reached skill level 8 in Fighting
  6986 | D:7      | Reached skill level 8 in Armour
  6986 | D:7      | Reached skill level 8 in Shields
  7009 | D:7      | Reached skill level 5 in Invocations
  7040 | D:7      | Noticed Maggie
  7052 | D:7      | Killed Maggie
  7166 | D:7      | Reached skill level 4 in Conjurations
  7166 | D:7      | Reached skill level 4 in Hexes
  7166 | D:7      | Reached skill level 4 in Summonings
  7166 | D:7      | Reached skill level 4 in Necromancy
  7166 | D:7      | Reached skill level 4 in Translocations
  7166 | D:7      | Reached skill level 4 in Transmutations
  7166 | D:7      | Reached skill level 4 in Fire Magic
  7166 | D:7      | Reached skill level 4 in Ice Magic
  7166 | D:7      | Reached skill level 4 in Air Magic
  7166 | D:7      | Reached skill level 4 in Earth Magic
  7166 | D:7      | Reached skill level 4 in Poison Magic
  7216 | D:7      | Found a shimmering blue altar of Sif Muna.
  7468 | D:8      | Noticed Psyche
  7481 | D:8      | Killed Psyche
  7482 | D:8      | Reached skill level 5 in Short Blades
  7482 | D:8      | Reached skill level 5 in Long Blades
  7482 | D:8      | Reached skill level 5 in Maces & Flails
  7482 | D:8      | Reached skill level 5 in Polearms
  7482 | D:8      | Reached skill level 5 in Staves
  7482 | D:8      | Reached skill level 5 in Ranged Weapons
  7482 | D:8      | Reached skill level 5 in Throwing
  7482 | D:8      | Reached skill level 5 in Dodging
  7482 | D:8      | Reached skill level 5 in Stealth
  7482 | D:8      | Reached skill level 5 in Unarmed Combat
  7482 | D:8      | Reached skill level 5 in Spellcasting
  7482 | D:8      | Reached skill level 5 in Evocations
  7482 | D:8      | Reached XP level 10. HP: 69/82 MP: 17/17
  7550 | D:8      | Reached skill level 7 in Axes
  8141 | D:8      | Noticed Joseph
  8163 | D:8      | Killed Joseph
  8454 | D:9      | Found a staircase to the Orcish Mines.
  8460 | D:9      | Reached skill level 6 in Invocations
  8631 | D:9      | Found a runed translucent gate.
  8631 | D:9      | Found a runed translucent gate.
  8631 | D:9      | Found a runed translucent gate.
  8632 | D:9      | Noticed a kobold demonologist
  8632 | D:9      | Noticed byup's ghost (novice DjFE)
  8632 | D:9      | Noticed a kobold demonologist
  8699 | D:9      | Noticed Amaemon
  8699 | D:9      | Noticed an orange demon
  8722 | D:9      | Killed Amaemon
  8735 | D:9      | Killed an orange demon
  9020 | D:9      | Reached skill level 9 in Fighting
  9020 | D:9      | Reached skill level 6 in Short Blades
  9020 | D:9      | Reached skill level 6 in Long Blades
  9020 | D:9      | Reached skill level 6 in Maces & Flails
  9020 | D:9      | Reached skill level 6 in Polearms
  9020 | D:9      | Reached skill level 6 in Staves
  9020 | D:9      | Reached skill level 6 in Ranged Weapons
  9020 | D:9      | Reached skill level 6 in Throwing
  9020 | D:9      | Reached skill level 9 in Armour
  9020 | D:9      | Reached skill level 6 in Dodging
  9020 | D:9      | Reached skill level 6 in Stealth
  9020 | D:9      | Reached skill level 9 in Shields
  9020 | D:9      | Reached skill level 6 in Unarmed Combat
  9020 | D:9      | Reached skill level 6 in Spellcasting
  9020 | D:9      | Reached skill level 6 in Evocations
  9022 | D:9      | Reached skill level 5 in Conjurations
  9022 | D:9      | Reached skill level 5 in Hexes
  9022 | D:9      | Reached skill level 5 in Summonings
  9022 | D:9      | Reached skill level 5 in Necromancy
  9022 | D:9      | Reached skill level 5 in Translocations
  9022 | D:9      | Reached skill level 5 in Transmutations
  9022 | D:9      | Reached skill level 5 in Fire Magic
  9022 | D:9      | Reached skill level 5 in Ice Magic
  9022 | D:9      | Reached skill level 5 in Air Magic
  9022 | D:9      | Reached skill level 5 in Earth Magic
  9022 | D:9      | Reached skill level 5 in Poison Magic
  9175 | D:9      | Noticed Grum
  9184 | D:9      | Reached XP level 11. HP: 72/89 MP: 20/20
  9220 | D:9      | HP: 20/89 [Grum/-2 glaive (21)]
  9225 | D:9      | Killed Grum
  9236 | D:9      | HP: 21/89 [wolf[Grum] (5)]
  9577 | D:9      | Noticed a two-headed ogre
  9592 | D:9      | Killed a two-headed ogre
  9955 | D:10     | Entered Level 10 of the Dungeon
  9972 | D:10     | Found a staircase to the Lair.
  9991 | D:10     | Reached skill level 7 in Invocations
 10005 | D:10     | Reached skill level 8 in Axes
 10007 | D:10     | HP: 22/89 [poisoned by a water moccasin]
 10189 | D:10     | Found a flagged portal.
 10222 | Bailey   | Entered a bailey
 10367 | Bailey   | Identified the +4 hand axe of Womp {elec, rF+ Str+4}
 10861 | D:10     | Found a transporter.
 10861 | D:10     | Noticed a worldbinder
 10865 | D:10     | Found a transporter.
 10873 | D:10     | Noticed a white ugly thing
 10880 | D:10     | Noticed a green ugly thing
 10896 | D:10     | a tarantella changed into a harpy
 10896 | D:10     | Noticed a harpy (shapeshifter)
 10900 | D:10     | Found a corrupted altar of Lugonu.
 11380 | D:10     | Reached skill level 7 in Short Blades
 11380 | D:10     | Reached skill level 7 in Long Blades
 11380 | D:10     | Reached skill level 7 in Maces & Flails
 11380 | D:10     | Reached skill level 7 in Polearms
 11380 | D:10     | Reached skill level 7 in Staves
 11380 | D:10     | Reached skill level 7 in Ranged Weapons
 11380 | D:10     | Reached skill level 7 in Throwing
 11380 | D:10     | Reached skill level 7 in Dodging
 11380 | D:10     | Reached skill level 7 in Stealth
 11380 | D:10     | Reached skill level 7 in Unarmed Combat
 11380 | D:10     | Reached skill level 7 in Spellcasting
 11380 | D:10     | Reached skill level 7 in Evocations
 11603 | D:10     | Reached XP level 12. HP: 71/97 MP: 22/22
 12187 | D:11     | Reached skill level 6 in Conjurations
 12187 | D:11     | Reached skill level 6 in Hexes
 12187 | D:11     | Reached skill level 6 in Summonings
 12187 | D:11     | Reached skill level 6 in Necromancy
 12187 | D:11     | Reached skill level 6 in Translocations
 12187 | D:11     | Reached skill level 6 in Transmutations
 12187 | D:11     | Reached skill level 6 in Fire Magic
 12187 | D:11     | Reached skill level 6 in Ice Magic
 12187 | D:11     | Reached skill level 6 in Air Magic
 12187 | D:11     | Reached skill level 6 in Earth Magic
 12187 | D:11     | Reached skill level 6 in Poison Magic
 12273 | D:11     | Reached skill level 8 in Invocations
 12480 | D:11     | You pick up a book of the Wilderness and begin reading...
 12480 | D:11     | You add the spells Summon Forest, Summon Mana Viper and
                  | Summon Cactus Giant to your library.
 12614 | D:11     | You pick up a book of Lightning and begin reading...
 12614 | D:11     | You add the spells Static Discharge, Vhi's Electric Charge,
                  | Lightning Bolt and Arcjolt to your library.
 13059 | D:12     | Reached skill level 10 in Fighting
 13059 | D:12     | Reached skill level 10 in Armour
 13059 | D:12     | Reached skill level 10 in Shields
 13300 | D:12     | Noticed a two-headed ogre
 13305 | D:12     | Killed a two-headed ogre
 13433 | D:12     | Noticed a two-headed ogre
 13440 | D:12     | Killed a two-headed ogre
 13441 | D:12     | Reached skill level 9 in Axes
 13562 | D:12     | Noticed a boulder beetle
 13586 | D:12     | Killed a boulder beetle
 13634 | D:12     | Noticed a two-headed ogre
 13644 | D:12     | Killed a two-headed ogre
 14414 | D:13     | Found a gate to the Vaults.
 14448 | D:13     | Noticed a four-headed hydra
 14472 | D:13     | Found Dotee's Magic Scroll Emporium.
 14479 | D:13     | Found a gate leading to a gauntlet.
 14501 | Gauntlet | Entered a Gauntlet
 14501 | Gauntlet | Found a runed translucent door.
 14501 | Gauntlet | Found a transporter.
 14501 | Gauntlet | Found a runed translucent door.
 14501 | Gauntlet | Found a transporter.
 14511 | Gauntlet | Noticed a death scarab
 14684 | Gauntlet | Found a transporter.
 14697 | Gauntlet | Found a transporter.
 14707 | Gauntlet | Found a transporter.
 14709 | Gauntlet | Found a transporter.
 14711 | Gauntlet | Noticed a dire elephant
 14717 | Gauntlet | Found a transporter.
 14738 | Gauntlet | Found a transporter.
 14753 | Gauntlet | Found a transporter.
 14766 | Gauntlet | Found a transporter.
 14767 | Gauntlet | Found a runed translucent door.
 14778 | Gauntlet | Found a transporter.
 14779 | Gauntlet | Found a transporter.
 14822 | Gauntlet | Reached skill level 8 in Short Blades
 14822 | Gauntlet | Reached skill level 8 in Long Blades
 14822 | Gauntlet | Reached skill level 8 in Maces & Flails
 14822 | Gauntlet | Reached skill level 8 in Polearms
 14822 | Gauntlet | Reached skill level 8 in Staves
 14822 | Gauntlet | Reached skill level 8 in Ranged Weapons
 14822 | Gauntlet | Reached skill level 8 in Throwing
 14822 | Gauntlet | Reached skill level 8 in Dodging
 14822 | Gauntlet | Reached skill level 8 in Stealth
 14822 | Gauntlet | Reached skill level 8 in Unarmed Combat
 14822 | Gauntlet | Reached skill level 8 in Spellcasting
 14822 | Gauntlet | Reached skill level 8 in Evocations
 14868 | Gauntlet | Identified the amulet "Wuf Saiwn" {Faith -Tele rF++ rC+
                  | SInv}
 14900 | Gauntlet | Identified the +12 chain mail of Crawling {rPois}
 14908 | Gauntlet | Reached XP level 13. HP: 52/104 MP: 25/25
 14909 | Gauntlet | HP: 23/104 [dire elephant (5)]
 14913 | Gauntlet | Slain by a dire elephant

Vanquished Creatures
  4 two-headed ogres
  A boulder beetle (D:12)
  Amaemon (D:9)
  A wizard (D:13)
  A necromancer (Gauntlet)
  3 manticores
  An elephant (Gauntlet)
  Joseph (D:8)
  An orange demon (D:9)
  3 gargoyles
  3 unseen horrors
  Maggie (D:7)
  Psyche (D:8)
  An efreet (D:12)
  3 trolls
  A polar bear (D:10)
  Prince Ribbit (D:5)
  A hornet (D:9)
  3 centaur simulacra
  Sigmund (D:2)
  A shadow (D:10)
  2 vampires
  A basilisk (D:10)
  Grum (D:9)
  3 wyverns
  17 yaks
  3 wraiths
  8 vampire mosquitoes
  A steam dragon (D:8)
  Edmund (D:5)
  An acid dragon (D:9)
  5 water moccasins
  9 orc warriors
  6 ice beasts
  A meliai simulacrum (Gauntlet)
  A sky beast (D:7)
  2 black bears (D:5)
  6 centaurs
  5 ogres
  12 wolves
  Blork the orc (D:6)
  A bullfrog (D:7)
  A kobold brigand (D:8)
  5 scorpions
  A cane toad simulacrum (Gauntlet)
  3 wights (D:8)
  9 killer bees (D:9)
  3 howler monkeys
  A crimson imp (D:8)
  3 centaur zombies (Ossuary)
  A jelly (D:6)
  A gnoll bouda (D:4)
  2 orc priests
  A hound (D:5)
  13 orc wizards
  6 mummies (Ossuary)
  7 adders
  5 gnolls
  A shadow imp (D:7)
  6 white imps
  2 ufetubi (D:10)
  3 worms
  4 dart slugs
  56 orcs
  4 endoplasms
  4 giant cockroaches
  12 goblins
  11 hobgoblins
  2 jackals (D:2)
  3 quokkas
  6 ball pythons
  5 bats
  5 frilled lizards
  4 hobgoblin zombies (Ossuary)
  19 kobolds
  6 rats
336 creatures vanquished.

Vanquished Creatures (others)
  2 fungi (D:10)
  7 plants
9 creatures vanquished.

Grand Total: 345 creatures vanquished

Table legend:
 A = Non-vault XP
 B = Vault XP
 C = Vault XP percentage of total XP
 D = Non-vault monster count
 E = Vault monster count
 F = Vault count percentage of total count
                 A         B        C        D         E       F
            +---------+---------+-------+---------+---------+-------
      Total |   19263 |   12869 |  40.1 |     226 |     110 |  32.7
            +---------+---------+-------+---------+---------+-------
        D:1 |      31 |       2 |   6.1 |      18 |       1 |   5.3
        D:2 |      88 |     247 |  73.7 |      21 |       4 |  16.0
        D:3 |      69 |       0 |   0.0 |      15 |       0 |   0.0
        D:4 |     254 |      17 |   6.3 |      26 |       3 |  10.3
        D:5 |     706 |     447 |  38.8 |      19 |       2 |   9.5
        D:6 |     907 |      99 |   9.8 |      23 |       1 |   4.2
        D:7 |     862 |     500 |  36.7 |      12 |       2 |  14.3
        D:8 |     981 |     884 |  47.4 |      14 |       4 |  22.2
        D:9 |    2724 |    1895 |  41.0 |      23 |      10 |  30.3
       D:10 |    2825 |    4536 |  61.6 |      29 |      34 |  54.0
       D:11 |    3031 |       0 |   0.0 |      10 |       0 |   0.0
       D:12 |    6435 |       0 |   0.0 |      14 |       0 |   0.0
       D:13 |     350 |    1017 |  74.4 |       2 |       2 |  50.0
    Ossuary |       0 |     251 | 100.0 |       0 |      13 | 100.0
     Bailey |       0 |     722 | 100.0 |       0 |      23 | 100.0
   Gauntlet |       0 |    2252 | 100.0 |       0 |      11 | 100.0
            +---------+---------+-------+---------+---------+-------

Illustrated notes

Table legend:
 A = Kills in this place as a percentage of kills in entire the game.
 B = Kills by you in this place as a percentage of kills by you in the entire game.
 C = Kills by friends in this place as a percentage of kills by friends in the entire game.
 D = Other kills in this place as a percentage of other kills in the entire game.
 E = Experience gained in this place as a percentage of experience gained in the entire game.
 F = Experience gained in this place divided by the number of levels of this place that you have seen.
                   A       B       C       D       E      F
               +-------+-------+-------+-------+-------+----------------------
         Total | 100.0 | 100.0 |   N/A |   N/A | 100.0 | 1890.1
       Dungeon |  86.0 |  86.0 |   N/A |   N/A |  90.0 | 2223.6
       Ossuary |   3.9 |   3.9 |   N/A |   N/A |   0.8 | 251.0
        Bailey |   6.8 |   6.8 |   N/A |   N/A |   2.2 | 722.0
      Gauntlet |   3.3 |   3.3 |   N/A |   N/A |   7.0 | 2252.0
               +-------+-------+-------+-------+-------+----------------------

Table legend: (Time is in decaauts)
 A = Elapsed time spent in this place.
 B = Non-inter-level travel time spent in this place.
 C = Inter-level travel time spent in this place.
 D = Time resting spent in this place.
 E = Time spent auto-exploring this place.
 F = Levels seen in this place.
 G = Mean time per level.
                   A        B        C        D        E       F      G
               +--------+--------+--------+--------+--------+-----+--------+
         Total |  14900 |  14527 |    373 |    532 |  11209 |  17 |  876.5 |
       Dungeon |  13337 |  13012 |    325 |    360 |  10235 |  13 | 1025.9 |
        Temple |    232 |    184 |     48 |      0 |    162 |   1 |  232.0 |
       Ossuary |    382 |    382 |      0 |     61 |    233 |   1 |  382.0 |
        Bailey |    541 |    541 |      0 |     98 |    287 |   1 |  541.0 |
      Gauntlet |    406 |    406 |      0 |     13 |    292 |   1 |  406.0 |
               +--------+--------+--------+--------+--------+-----+--------+

Top non-repeatable levels by time:
     D:6: 1725 daAuts
    D:10: 1523 daAuts
     D:9: 1451 daAuts
    D:12: 1393 daAuts
     D:4: 1252 daAuts
     D:2: 1022 daAuts
     D:8: 1011 daAuts
     D:5: 1010 daAuts
    D:11: 979 daAuts
     D:3: 682 daAuts
     D:1: 662 daAuts
  Bailey: 541 daAuts
     D:7: 517 daAuts
Gauntlet: 406 daAuts
 Ossuary: 382 daAuts
